[Event "25th Zadar Open 2018"]
[Site "Zadar"]
[Date "2018.12.21"]
[Round "8.5"]
[White "Cvitan, Ognjen"]
[Black "Salimova, Nurgyul"]
[Result "1/2-1/2"]
[ECO "D45"]
[WhiteElo "2503"]
[BlackElo "2377"]
[Annotator "ChessBase"]
[PlyCount "48"]
[EventDate "2018.12.15"]
[EventType "swiss"]
[EventCountry "CRO"]
[SourceTitle "playchess.com"]
[Source "ChessBase"]
[SourceQuality "1"]
[TimeControl "40/5400+30:1800+30"]

1. Nf3 d5 2. d4 Nf6 3. c4 e6 4. Nc3 c6 5. e3 Nbd7 6. Qc2 Bd6 7. b3 O-O 8. Be2 b6 9. O-O Bb7 10. Bb2 Rc8 11. Rad1 Qe7 12. e4 dxe4 13. Nxe4 Nxe4 14. Qxe4 Nf6 15. Qh4 c5 16. d5 exd5 17. Bxf6 Qxf6 18. Qxf6 gxf6 19. cxd5 Rfe8 20. Bc4 Rcd8 21. g3 Bc8 22. Kg2 Bg4 23. h3 Bxf3+ 24. Kxf3 Re5 1/2-1/2

[Event "25th Zadar Open 2018"]
[Site "Zadar"]
[Date "2018.12.21"]
[Round "8.7"]
[White "Plenca, Jadranko"]
[Black "Paszewski, Mateusz"]
[Result "1-0"]
[ECO "B51"]
[WhiteElo "2475"]
[BlackElo "2342"]
[Annotator "ChessBase"]
[PlyCount "95"]
[EventDate "2018.12.15"]
[EventType "swiss"]
[EventCountry "CRO"]
[SourceTitle "playchess.com"]
[Source "ChessBase"]
[SourceQuality "1"]
[TimeControl "40/5400+30:1800+30"]

1. e4 c5 2. Nf3 d6 3. Bb5+ Nd7 4. Ba4 Ngf6 5. O-O g6 6. Re1 Bg7 7. c3 O-O 8. d4 Qc7 9. h3 e6 10. Bf4 Rd8 11. Nbd2 e5 12. Bh2 a6 13. Bc2 b5 14. Rc1 Bb7 15. Bb1 Rac8 16. d5 c4 17. Nf1 Nc5 18. Qd2 Qe7 19. Kh1 a5 20. g4 Ba6 21. Bg3 Rb8 22. Bh4 Rdc8 23. Ng3 b4 24. Bg5 bxc3 25. bxc3 Qf8 26. Rg1 Rc7 27. Be3 Kh8 28. Bc2 Rb2 29. Qd1 Rxa2 30. Ra1 Rxa1 31. Qxa1 Nb3 32. Qa3 Nd7 33. Nd2 Ndc5 34. Bxb3 cxb3 35. Nxb3 Nxb3 36. Qxb3 Qc8 37. Rc1 h5 38. gxh5 Qxh3+ 39. Kg1 gxh5 40. Qb6 h4 41. Nf5 Rc8 42. Nxd6 Be2 43. Nxf7+ Kg8 44. Ng5 Qd7 45. Qg6 Bg4 46. f3 Bh3 47. Qh7+ Kf8 48. Qxh4 1-0

[Event "25th Zadar Open 2018"]
[Site "Zadar"]
[Date "2018.12.21"]
[Round "8.9"]
[White "Dixit, Nikhil"]
[Black "Loncar, Robert"]
[Result "1/2-1/2"]
[ECO "B40"]
[WhiteElo "2292"]
[BlackElo "2397"]
[Annotator "NA"]
[PlyCount "62"]
[EventDate "2018.12.15"]
[EventType "swiss"]
[EventCountry "CRO"]
[SourceTitle "playchess.com"]
[Source "ChessBase"]
[SourceQuality "1"]
[TimeControl "40/5400+30:1800+30"]

1. e4 c5 2. Nf3 e6 3. b3 Ne7 {[%emt 0:00:00] B40: Sicilian: 2...e6, Unusual lines} (3... d6 4. Bb2 Bd7 5. d4 cxd4 6. Nxd4 Nf6 7. Bd3 Na6 8. c4 Be7 9. Nc3 O-O 10. O-O Nb4 11. Be2 a6 {1-0 (57) Antipov,M (2593)-Dubov,D (2703) Sochi 2018}) 4. Bb2 a6 5. d4 cxd4 6. Nxd4 d5 $146 ({Predecessor:} 6... Nbc6 7. Be2 Nxd4 8. Bxd4 Nc6 9. Bb2 Bc5 10. O-O O-O 11. c4 {1-0 (30) Huhnstock,R (1876)-Schuffenhauer,R (1633) Bingen 2008}) 7. exd5 Nxd5 8. Be2 Bb4+ 9. c3 Bd6 10. O-O Qc7 11. g3 O-O 12. c4 Nf6 13. Nc3 Rd8 14. Qc2 Bc5 15. Nf3 Nbd7 16. Ne4 Be7 17. Rad1 b6 18. Nxf6+ Bxf6 19. Bxf6 gxf6 20. Qc1 Bb7 21. Qh6 Qc6 22. Rd4 Ne5 23. Rxd8+ $11 Rxd8 24. Qxf6 Nxf3+ 25. Bxf3 Qxf3 26. Qxd8+ Kg7 27. Qg5+ Kf8 28. Qd8+ Kg7 29. Qg5+ Kf8 30. Qd8+ Kg7 31. Qg5+ Kf8 1/2-1/2

[Event "25th Zadar Open 2018"]
[Site "Zadar"]
[Date "2018.12.21"]
[Round "8.10"]
[White "Sutkovic, Damir"]
[Black "Saric, Ibro"]
[Result "0-1"]
[ECO "E20"]
[WhiteElo "2345"]
[BlackElo "2559"]
[Annotator "RC"]
[PlyCount "74"]
[EventDate "2018.12.15"]
[EventType "swiss"]
[EventCountry "CRO"]
[SourceTitle "playchess.com"]
[Source "ChessBase"]
[SourceQuality "1"]
[TimeControl "40/5400+30:1800+30"]

1. d4 Nf6 2. c4 e6 3. Nc3 Bb4 4. f3 Nc6 5. e4 d5 6. cxd5 exd5 7. e5 Ng8 8. f4 Nge7 9. Be3 O-O 10. Nf3 Bg4 11. h3 Bxf3 12. Qxf3 f6 13. exf6 Nf5 14. O-O-O Bxc3 15. bxc3 Nxe3 16. Qxe3 Rxf6 17. Bd3 Qf8 18. Kb1 Na5 19. Rd2 Rxf4 20. Qe5 Qf7 21. Re1 Nc4 22. Bxc4 dxc4 23. Rb2 b6 24. Rb4 Rf8 25. Qe2 c5 26. dxc5 Qf5+ 27. Ka1 Qxc5 28. g3 Rf3 29. Qe6+ Kh8 30. Rxc4 Qf2 31. Rc8 Qxg3 32. Re3 Qg1+ 33. Kb2 Rf2+ 34. Ka3 Qc1+ 35. Ka4 Rxa2+ 36. Kb5 Ra5+ 37. Kc6 Rc5+ 0-1

[Event "25th Zadar Open 2018"]
[Site "Zadar"]
[Date "2018.12.21"]
[Round "8.11"]
[White "Nielsen, Rogvi Egilstoft"]
[Black "Martinovic, Sasa"]
[Result "0-1"]
[ECO "B22"]
[WhiteElo "2339"]
[BlackElo "2554"]
[Annotator "ChessBase"]
[PlyCount "98"]
[EventDate "2018.12.15"]
[EventType "swiss"]
[EventCountry "CRO"]
[SourceTitle "playchess.com"]
[Source "ChessBase"]
[SourceQuality "1"]
[TimeControl "40/5400+30:1800+30"]

1. e4 c5 2. c3 Nf6 3. e5 Nd5 4. d4 cxd4 5. cxd4 d6 6. Nf3 Nc6 7. Bc4 Nb6 8. Bb5 Bd7 9. Nc3 dxe5 10. dxe5 g6 11. O-O Bg7 12. Re1 O-O 13. h3 Qc7 14. Qe2 Rad8 15. a4 Be6 16. Be3 Nd5 17. Rac1 Nxe3 18. Qxe3 Qb6 19. Qxb6 axb6 20. Ng5 Bb3 21. f4 Bh6 22. g3 Bxg5 23. fxg5 Rd2 24. Ne4 Rd4 25. Nc3 Rfd8 26. Re2 Rd2 27. Rce1 Kg7 28. h4 R8d4 29. Kf1 Be6 30. Rxd2 Rxd2 31. Bxc6 bxc6 32. Rd1 Rxb2 33. Rd8 f5 34. exf6+ exf6 35. Ne4 fxg5 36. hxg5 Rb4 37. Nf6 Rxa4 38. Rd6 Bh3+ 39. Kf2 Rc4 40. Rd8 Rc5 41. Ne4 Re5 42. Nd6 Rxg5 43. Rb8 Rd5 44. Rb7+ Kh6 45. Ne4 b5 46. Rc7 Rf5+ 47. Kg1 Rf1+ 48. Kh2 Be6 49. g4 Bxg4 0-1

[Event "25th Zadar Open 2018"]
[Site "Zadar"]
[Date "2018.12.21"]
[Round "8.13"]
[White "Jakic, Ivan"]
[Black "Bratkovic, Jakob"]
[Result "0-1"]
[ECO "C88"]
[WhiteElo "2393"]
[BlackElo "2239"]
[Annotator "ChessBase"]
[PlyCount "128"]
[EventDate "2018.12.15"]
[EventType "swiss"]
[EventCountry "CRO"]
[SourceTitle "playchess.com"]
[Source "ChessBase"]
[SourceQuality "1"]
[TimeControl "40/5400+30:1800+30"]

1. e4 e5 2. Nf3 Nc6 3. Bb5 a6 4. Ba4 Nf6 5. O-O Be7 6. Re1 b5 7. Bb3 O-O 8. h3 Bb7 9. d3 d5 10. Nbd2 dxe4 11. dxe4 Na5 12. Qe2 Nxb3 13. axb3 Re8 14. Nh2 Bf8 15. Ng4 Nd7 16. Nf1 h5 17. Ngh2 Nc5 18. Be3 Nxe4 19. Qxh5 Re6 20. Rad1 Qe8 21. Qe2 Qc6 22. f3 Nf6 23. Ng4 Nd5 24. Bf2 Rae8 25. Qe4 g6 26. Nge3 Nf6 27. Qxc6 Bxc6 28. Ng4 Nh5 29. Nge3 Nf4 30. Kh2 Bd6 31. Bg3 Nh5 32. Nd5 Kg7 33. Kg1 Nxg3 34. Nxg3 e4 35. f4 Bxd5 36. Rxd5 Bxf4 37. Ne2 Be3+ 38. Kh2 f5 39. Kg3 Rc6 40. c3 Kf6 41. h4 Bc5 42. b4 Bd6+ 43. Kh3 Rb6 44. Rf1 Rbb8 45. g4 Ke6 46. Rdd1 Be5 47. gxf5+ gxf5 48. Rg1 Rbd8 49. h5 Rxd1 50. Rxd1 Rh8 51. Kh4 Bf6+ 52. Kg3 Bg5 53. Nd4+ Ke5 54. Nc6+ Kf6 55. Rh1 Be3 56. Nd4 Bxd4 57. cxd4 Kg5 58. Rc1 f4+ 59. Kg2 Kg4 60. Rxc7 Rxh5 61. Rg7+ Rg5 62. Rd7 e3 63. Re7 f3+ 64. Kf1 Kf4 0-1

[Event "25th Zadar Open 2018"]
[Site "Zadar"]
[Date "2018.12.21"]
[Round "8.14"]
[White "Tica, Sven"]
[Black "Mendonca, Leon Luke"]
[Result "1/2-1/2"]
[ECO "E17"]
[WhiteElo "2439"]
[BlackElo "2350"]
[Annotator "ChessBase"]
[PlyCount "90"]
[EventDate "2018.12.15"]
[EventType "swiss"]
[EventCountry "CRO"]
[SourceTitle "playchess.com"]
[Source "ChessBase"]
[SourceQuality "1"]
[TimeControl "40/5400+30:1800+30"]

1. Nf3 Nf6 2. g3 b6 3. Bg2 Bb7 4. O-O e6 5. c4 Be7 6. Nc3 O-O 7. Re1 d5 8. cxd5 exd5 9. d4 Nbd7 10. Bf4 c5 11. Ne5 Re8 12. dxc5 Nxc5 13. Rc1 Bf8 14. Nf3 Nfe4 15. Be5 Rc8 16. Bh3 Ne6 17. Bd4 Nxc3 18. Bxc3 Bc5 19. Bg2 b5 20. b4 d4 21. bxc5 dxc3 22. Rxc3 Rxc5 23. Rxc5 Nxc5 24. Qc2 Ne6 25. Ng5 Qxg5 26. Bxb7 g6 27. Rd1 Rd8 28. Rxd8+ Qxd8 29. e3 Qd6 30. Qc8+ Kg7 31. Qc3+ Kg8 32. Qc8+ Kg7 33. Qc3+ Kg8 34. h4 h5 35. e4 Qc5 36. Qf6 Qd4 37. Qe7 Qd1+ 38. Kg2 Nf4+ 39. gxf4 Qg4+ 40. Kf1 Qd1+ 41. Kg2 Qg4+ 42. Kh1 Qh3+ 43. Kg1 Qg4+ 44. Kh1 Qh3+ 45. Kg1 Qg4+ 1/2-1/2

[Event "25th Zadar Open 2018"]
[Site "Zadar"]
[Date "2018.12.21"]
[Round "8.15"]
[White "Ivekovic, Bozidar"]
[Black "Spalir, Jernej"]
[Result "0-1"]
[ECO "A09"]
[WhiteElo "2406"]
[BlackElo "2336"]
[Annotator "ChessBase"]
[PlyCount "60"]
[EventDate "2018.12.15"]
[EventType "swiss"]
[EventCountry "CRO"]
[SourceTitle "playchess.com"]
[Source "ChessBase"]
[SourceQuality "1"]
[TimeControl "40/5400+30:1800+30"]

1. Nf3 d5 2. c4 c6 3. g3 Nf6 4. Bg2 g6 5. Qa4 dxc4 6. Qxc4 Bg7 7. O-O O-O 8. Nc3 Be6 9. Qh4 h6 10. d4 g5 11. Bxg5 hxg5 12. Nxg5 Bf5 13. e4 Bg6 14. e5 Nh7 15. Nxh7 Bxh7 16. Be4 Bxe4 17. Nxe4 f6 18. exf6 exf6 19. Nc5 Qd5 20. Rae1 Na6 21. Ne6 Rfe8 22. Nxg7 Kxg7 23. Qg4+ Kf7 24. h4 Nc7 25. Re3 Rg8 26. Qf4 Ne6 27. Qe4 Qxe4 28. Rxe4 Rad8 29. Rfe1 Rge8 30. Rd1 f5 0-1

[Event "25th Zadar Open 2018"]
[Site "Zadar"]
[Date "2018.12.21"]
[Round "8.17"]
[White "Janzelj, Tim"]
[Black "Krstulovic, Alex"]
[Result "0-1"]
[ECO "C54"]
[WhiteElo "2395"]
[BlackElo "2313"]
[Annotator "NA RC"]
[PlyCount "100"]
[EventDate "2018.12.15"]
[EventType "swiss"]
[EventCountry "CRO"]
[SourceTitle "playchess.com"]
[Source "ChessBase"]
[SourceQuality "1"]
[TimeControl "40/5400+30:1800+30"]

1. e4 e5 2. Nf3 Nc6 3. Bc4 Bc5 4. c3 Nf6 5. d3 O-O 6. Bb3 {[%emt 0:00:30] C54: Giuoco Piano: 4 c3 Nf6, main lines with 5 d4 and 5 d3} (6. O-O d6 7. Re1 a6 8. a4 Ba7 9. h3 Kh8 10. d4 h6 11. dxe5 Nxe5 12. Nxe5 dxe5 13. Qxd8 Rxd8 14. Nd2 Kg8 15. Nf3 {½-½ (31) Anand,V (2771)-Aronian,L (2780) Batumi 2018}) 6... d5 7. Qe2 a5 8. a4 Be6 9. Bc2 h6 10. Nbd2 Re8 11. h3 Bb6 12. g4 $146 ({Predecessor:} 12. Nf1 Nd7 13. exd5 Bxd5 {½-½ (30) Sukandar,I (2288)-Zhao,X (2549) Ho Chi Minh City 2012}) 12... Nh7 13. Nf1 dxe4 14. dxe4 Qf6 15. Ng3 g6 16. Be3 Bc4 17. Qxc4 Bxe3 18. Qe2 Bb6 19. Nf1 Nd8 20. Ne3 c6 21. O-O-O Ne6 22. Kb1 Rad8 23. h4 Nf4 24. Qc4 Rxd1+ 25. Rxd1 Bxe3 26. fxe3 Ng2 27. Qe2 Nxh4 28. Nd2 $1 Qg5 29. Rh1 Qd8 30. Qf2 g5 31. Bb3 Nf6 32. Rf1 Kg7 33. Nc4 Rf8 34. Ka1 Nxe4 35. Qh2 Qc7 36. Bc2 Nf6 37. e4 Nxg4 38. Qg3 b5 39. Nd2 Qd7 40. Rd1 Qc8 41. Nb3 h5 42. Rh1 bxa4 43. Nc5 a3 44. bxa3 Rh8 45. Rf1 Rh6 46. Qd3 $19 Rf6 47. Rxf6 Nxf6 48. Qd6 Ng6 49. Ba4 h4 50. Qd2 Qg4 0-1

[Event "25th Zadar Open 2018"]
[Site "Zadar"]
[Date "2018.12.21"]
[Round "8.18"]
[White "Kurayan, Ruslan"]
[Black "Sokac, Marko"]
[Result "1-0"]
[ECO "B56"]
[WhiteElo "2391"]
[BlackElo "2301"]
[Annotator "NA"]
[PlyCount "90"]
[EventDate "2018.12.15"]
[EventType "swiss"]
[EventCountry "CRO"]
[SourceTitle "playchess.com"]
[Source "ChessBase"]
[SourceQuality "1"]
[TimeControl "40/5400+30:1800+30"]

1. e4 c5 2. Nf3 d6 3. d4 cxd4 4. Nxd4 Nf6 5. Nc3 Bd7 6. Be3 Ng4 {[%emt 0:01:30] B56: Classical Sicilian: Unusual Lines} 7. Bg5 h6 8. Bh4 g5 9. Bg3 Nc6 10. Be2 Nf6 $146 ({Predecessor:} 10... Nge5 11. Nf5 Bxf5 12. exf5 Qd7 13. Nd5 O-O-O 14. Ne3 {1-0 (39) Rytshagov,M (2495)-Kengis,E (2570) Parnu 1996}) 11. Qd2 Bg7 12. Nb3 a5 13. a4 Nb4 14. Nd4 Rc8 15. O-O Qb6 16. Ndb5 O-O 17. Rae1 Bc6 18. Bd1 Rfd8 19. Kh1 d5 $1 20. e5 Ne4 21. Nxe4 dxe4 22. Qe2 Qc5 23. Nc3 Bxe5 24. Nxe4 Qd5 25. f4 Bxb2 26. fxg5 Qxe4 27. Qxe4 Bxe4 28. Rxe4 hxg5 29. Rxe7 b5 30. axb5 a4 31. b6 Nd5 32. Ra7 Nxb6 33. Bh5 a3 34. Bxf7+ Kh8 35. Bc7 Rxc7 36. Rxc7 Na4 37. Bb3 Nc3 38. Ra7 Nb5 39. Ra5 Nd4 40. h3 Kh7 41. Rf7+ Kh8 42. Ba2 $18 Nc6 43. Rxg5 Rd1+ 44. Kh2 Ra1 45. Bd5 Nb4 1-0

[Event "25th Zadar Open 2018"]
[Site "Zadar"]
[Date "2018.12.21"]
[Round "8.19"]
[White "Biliskov, Vjekoslav"]
[Black "Ustianovich, Nazar"]
[Result "0-1"]
[ECO "E48"]
[WhiteElo "2313"]
[BlackElo "2383"]
[Annotator "NA"]
[PlyCount "68"]
[EventDate "2018.12.15"]
[EventType "swiss"]
[EventCountry "CRO"]
[SourceTitle "playchess.com"]
[Source "ChessBase"]
[SourceQuality "1"]
[TimeControl "40/5400+30:1800+30"]

1. d4 Nf6 2. c4 e6 3. Nc3 Bb4 4. e3 c5 5. Bd3 cxd4 6. exd4 d5 7. Nge2 dxc4 8. Bxc4 O-O 9. a3 Be7 10. O-O Nbd7 {[%emt 0:02:30] LiveBook: 33 Games} 11. Bg5 {[%emt 0:09:30] E48: Nimzo-Indian: Rubinstein: 5 Bd3 d5 including 6 Ne2, but excluding 6 a3} Nb6 12. Bb3 (12. Ba2 Bd7 13. Qd3 Bc6 14. Rad1 Na4 15. Rd2 Nxc3 16. Nxc3 Qc7 17. d5 Nxd5 18. Nxd5 exd5 19. Bxe7 Qxe7 20. Bxd5 {½-½ (62) Ding,L (2791)-Aronian,L (2764) Stavanger 2018}) 12... Bd7 13. Qd3 Bc6 14. Nf4 $146 ({Predecessor:} 14. Bc2 g6 15. Rad1 Nbd5 16. Nxd5 Qxd5 {0-1 (16) Cebrian Ramos,J (2063)-Spassov,L (2424) Marin 2001}) 14... Nfd5 15. Bxe7 Nxe7 16. Rfe1 Ng6 17. Nxg6 hxg6 18. Rad1 Qf6 19. Re5 Rad8 20. Qe3 Rd6 21. Ne4 Bxe4 $1 22. Qxe4 Rfd8 $15 23. g3 Nd5 24. Bxd5 Rxd5 25. Rxd5 Rxd5 26. Rc1 Qd8 27. Rc5 Rxd4 28. Qxb7 Rd1+ 29. Kg2 Qd3 30. Rc8+ Kh7 31. Qxf7 Qf1+ 32. Kf3 Rd3+ 33. Kg4 Rd4+ 34. Kg5 Qb5+ 0-1

[Event "25th Zadar Open 2018"]
[Site "Zadar"]
[Date "2018.12.21"]
[Round "8.20"]
[White "Muha, Miljenko"]
[Black "Blagojevic, Tijana"]
[Result "1-0"]
[ECO "D02"]
[WhiteElo "2334"]
[BlackElo "2208"]
[Annotator "NA"]
[PlyCount "99"]
[EventDate "2018.12.15"]
[EventType "swiss"]
[EventCountry "CRO"]
[SourceTitle "playchess.com"]
[Source "ChessBase"]
[SourceQuality "1"]
[TimeControl "40/5400+30:1800+30"]

1. d4 d5 2. Bf4 c5 3. e3 Nf6 4. Nf3 Nc6 5. Nbd2 {[%emt 0:00:30] D02: 1 d4 d5 2 Nf3 sidelines, including 2...Nf6 3 g3 and 2...Nf6 3 Bf4} Nh5 6. Be5 f6 7. Bg3 cxd4 8. exd4 g6 9. Bd3 $146 ({Predecessor:} 9. c4 Be6 10. cxd5 Bxd5 11. Bc4 Bh6 12. O-O O-O {0-1 (47) Romanov,E (2621)-Volkov,S (2612) Moscow 2018}) 9... Bh6 10. O-O O-O 11. Re1 Ng7 12. c4 dxc4 13. Bxc4+ Kh8 14. d5 Na5 15. Qe2 Bg4 16. Qe4 Bf5 17. Qxe7 Nxc4 18. Nxc4 Qxd5 19. Nd6 Bc2 20. Qxb7 Qxb7 21. Nxb7 Nf5 22. Nc5 a5 23. Re2 Nxg3 24. Rxc2 Nf5 25. Nd7 Rf7 26. Nb6 Ra6 27. Na4 Re7 28. g3 Nd6 29. Re1 Rxe1+ 30. Nxe1 $16 Ne4 31. Nd3 Rd6 32. Nac5 Nd2 33. Kg2 Kg8 34. f4 Nb1 35. Kf2 Bf8 36. Ke2 Rd5 37. Ne4 Rd4 38. Nef2 Bb4 39. a3 Bd2 40. Rxd2 Nxd2 41. Kxd2 h5 42. Kc3 Rd8 43. b4 axb4+ 44. axb4 Kf7 45. Kc4 Ke6 46. b5 g5 47. b6 Kd7 48. Kb5 Re8 49. Nc5+ Kc8 50. Kc6 1-0

[Event "25th Zadar Open 2018"]
[Site "Zadar"]
[Date "2018.12.21"]
[Round "8.21"]
[White "Sahil, Tickoo"]
[Black "Sinanovic, Muhamed"]
[Result "1/2-1/2"]
[ECO "A47"]
[WhiteElo "2224"]
[BlackElo "2325"]
[Annotator "NA"]
[PlyCount "96"]
[EventDate "2018.12.15"]
[EventType "swiss"]
[EventCountry "CRO"]
[SourceTitle "playchess.com"]
[Source "ChessBase"]
[SourceQuality "1"]
[TimeControl "40/5400+30:1800+30"]

1. d4 e6 2. Nf3 Nf6 3. Bf4 b6 4. e3 Bb7 5. Nbd2 g6 {[%emt 0:04:30] A47: 1 d4 Nf6 2 Nf3 b6: Torre, London and Colle Systems} (5... Bd6 6. Bg3 O-O 7. Bd3 h6 8. c3 Bxg3 9. hxg3 d6 10. Qe2 Nbd7 11. e4 e5 12. dxe5 dxe5 13. O-O-O {1-0 (27) Le,Q (2737)-Salgado Lopez,I (2644) Riadh 2017}) 6. Bd3 Bg7 7. c3 O-O 8. Qe2 d6 9. e4 $146 ({Predecessor:} 9. h4 Nbd7 10. O-O-O Qe7 11. h5 e5 12. hxg6 hxg6 13. Bg5 {0-1 (30) Khandhar,K (1981)-Vo,T (2399) Johor 2017}) 9... Nc6 10. O-O Ne7 11. h3 c5 12. dxc5 bxc5 13. Qe3 Rc8 14. Rad1 d5 15. e5 Nd7 16. Bh6 Qb6 17. Rb1 Ba6 18. Bxg7 Kxg7 19. Rfe1 Bxd3 20. Qxd3 a5 21. Nf1 c4 22. Qd2 a4 23. Ne3 Rc5 24. Ng4 Ng8 25. h4 h5 26. Ngh2 Nh6 27. Nd4 Qd8 28. Qf4 Nb8 (28... Rc7 $17) 29. Nhf3 Nc6 30. Rbd1 Nxd4 31. Nxd4 Qe7 $15 32. a3 Rb8 33. Rd2 Rb6 34. Ree2 Rc8 35. f3 Rh8 36. g3 Nf5 37. Nxf5+ gxf5 38. Qg5+ Qxg5 39. hxg5 h4 40. Rh2 hxg3 41. Rxh8 Kxh8 42. Kg2 Kg7 43. Kxg3 Rb8 44. f4 Rh8 45. Rh2 Rxh2 46. Kxh2 Kg6 47. Kg3 Kh5 48. Kh3 Kg6 1/2-1/2

[Event "25th Zadar Open 2018"]
[Site "Zadar"]
[Date "2018.12.21"]
[Round "8.22"]
[White "Bosnjak, Petar"]
[Black "Bratovic, Blaz"]
[Result "1/2-1/2"]
[ECO "B33"]
[WhiteElo "2255"]
[BlackElo "2307"]
[Annotator "NA"]
[PlyCount "95"]
[EventDate "2018.12.15"]
[EventType "swiss"]
[EventCountry "CRO"]
[SourceTitle "playchess.com"]
[Source "ChessBase"]
[SourceQuality "1"]
[TimeControl "40/5400+30:1800+30"]

1. e4 c5 2. Nc3 Nc6 3. Nf3 Nf6 4. d4 cxd4 5. Nxd4 e5 6. Ndb5 d6 7. Bg5 a6 8. Na3 b5 9. Nd5 Be7 10. Bxf6 Bxf6 11. c4 b4 12. Nc2 a5 13. g3 {[%emt 0:00:30] B33: Sicilian: Pelikan and Sveshnikov Variations} O-O 14. h4 a4 {[%emt 0:01:30] [#]} 15. Qd3 $146 ({Predecessor:} 15. Bg2 Be6 16. O-O Bxd5 17. cxd5 Nd4 18. Rc1 Qb6 19. Nxd4 Qxd4 {½-½ (42) Svetushkin,D (2580)-Fressinet,L (2710) Linares 2015}) 15... Qa5 16. Qd2 Bd8 17. Bg2 Qc5 18. b3 axb3 19. axb3 Rxa1+ 20. Nxa1 Nd4 21. O-O Ba5 22. Qd3 Be6 23. Ne3 Bb6 24. Nac2 Nxc2 25. Qxc2 Ra8 26. Nf5 Qc7 27. Qd2 Bc5 28. h5 f6 29. Bh3 Bf7 30. h6 g6 31. Ne3 Qb7 32. Qe2 Qe7 $11 (32... Ra3 $5 33. Qc2 Qe7 $15) 33. Qf3 Rf8 34. Ra1 Be6 35. Bxe6+ Qxe6 36. Kg2 f5 37. Ra2 Bxe3 38. Qxe3 f4 39. Qa7 Qf6 40. Qg7+ Qxg7 41. hxg7 Kxg7 42. Ra6 fxg3 43. fxg3 Rf6 44. Ra7+ Rf7 45. Ra6 Rf6 46. Ra7+ Rf7 47. Ra6 Rf6 48. Ra7+ 1/2-1/2

[Event "25th Zadar Open 2018"]
[Site "Zadar"]
[Date "2018.12.21"]
[Round "8.23"]
[White "Ojas Kulkarni"]
[Black "Chan, Kim Yew"]
[Result "1/2-1/2"]
[ECO "A36"]
[WhiteElo "2282"]
[BlackElo "2175"]
[Annotator "NA"]
[PlyCount "82"]
[EventDate "2018.12.15"]
[EventType "swiss"]
[EventCountry "CRO"]
[SourceTitle "playchess.com"]
[Source "ChessBase"]
[SourceQuality "1"]
[TimeControl "40/5400+30:1800+30"]

1. c4 c5 2. Nc3 g6 3. g3 Bg7 4. Bg2 Nc6 5. d3 e6 6. h4 h6 7. Nh3 Nge7 8. Nf4 b6 9. Bd2 Bb7 10. a3 d6 $11 11. b4 Qd7 12. Qa4 O-O 13. Rb1 Rfd8 14. O-O Nd4 15. Qxd7 Rxd7 16. Bxb7 Rxb7 17. bxc5 dxc5 18. Rfc1 Rd8 19. Kf1 Nec6 20. Ng2 Ne5 21. Ne3 Rdd7 22. Nb5 Nec6 23. Nc2 Nf5 24. Ne3 Nd6 25. Bc3 h5 26. Bxg7 Kxg7 27. f3 Ne5 28. Kf2 Nf5 29. Rc2 Kf6 30. Rcb2 Nxe3 31. Kxe3 Ke7 32. Nc3 Rb8 33. Ne4 Rbd8 34. Rh1 Rd4 35. Rbb1 f5 36. Ng5 Nc6 37. Rbg1 Kf6 38. Nh7+ Kg7 39. Ng5 Kf6 40. Nh7+ Kg7 41. Ng5 Kf6 1/2-1/2

[Event "25th Zadar Open 2018"]
[Site "Zadar"]
[Date "2018.12.21"]
[Round "8.24"]
[White "Samani, Yamac"]
[Black "Jeet, Jain"]
[Result "0-1"]
[ECO "A48"]
[WhiteElo "2267"]
[BlackElo "2212"]
[Annotator "NA"]
[PlyCount "92"]
[EventDate "2018.12.15"]
[EventType "swiss"]
[EventCountry "CRO"]
[SourceTitle "playchess.com"]
[Source "ChessBase"]
[SourceQuality "1"]
[TimeControl "40/5400+30:1800+30"]

1. d4 Nf6 2. Nf3 c5 3. e3 g6 4. Bd3 Bg7 5. O-O b6 6. Nbd2 O-O 7. c3 {[%emt 0:00:30] A48: 1 d4 Nf6 2 Nf3 g6: Torre, London and Colle Systems} (7. dxc5 bxc5 8. e4 Nc6 9. Re1 Qc7 10. h3 d6 11. Nc4 Nd7 12. c3 Bb7 13. Bf4 Rfd8 14. Qe2 Nb6 {1-0 (48) Zufic,M (2395)-Bozinovic,B (2174) Pula 2017}) 7... d6 8. Re1 Qc7 9. e4 e5 $146 ({Predecessor:} 9... Bb7 10. Nf1 c4 11. Bc2 b5 12. a4 a6 13. Bf4 Nbd7 14. e5 dxe5 15. Nxe5 Nd5 16. Bg3 Nxe5 17. Bxe5 Bxe5 18. Rxe5 {1-0 (69) Friedel,M (2133)-Benend,A (2213) Germany 2009}) 10. dxe5 dxe5 11. Qc2 h6 12. a4 Nc6 13. Nc4 Rd8 14. Ne3 Bb7 15. Nd2 a6 16. f3 Bc8 17. Bc4 Na5 18. Nd5 Nxd5 19. Bxd5 Bb7 20. Bxb7 Qxb7 21. Nf1 c4 22. Ne3 Nb3 23. Rb1 b5 24. Nd5 Nc5 25. axb5 axb5 26. Be3 Nd3 27. Red1 Rxd5 28. exd5 Qxd5 29. Ra1 Rd8 30. Qd2 h5 31. h3 $11 e4 32. fxe4 Qxe4 33. Bh6 Be5 34. Rf1 Bd6 35. Qg5 Be7 36. Qxb5 Bc5+ 37. Kh1 Nf2+ 38. Rxf2 Bxf2 39. Qa6 Qe2 40. Qa4 Rd3 41. Kh2 Kh7 42. Bf8 Rxh3+ 43. gxh3 Be3+ 44. Kh1 Qf3+ 45. Kh2 Qf2+ 46. Kh1 Bf4 0-1

[Event "25th Zadar Open 2018"]
[Site "Zadar"]
[Date "2018.12.21"]
[Round "8.26"]
[White "Pallitsch, Clemens"]
[Black "Mohite, Ranveer"]
[Result "1/2-1/2"]
[ECO "D84"]
[WhiteElo "2176"]
[BlackElo "2236"]
[Annotator "ChessBase"]
[PlyCount "134"]
[EventDate "2018.12.15"]
[EventType "swiss"]
[EventCountry "CRO"]
[SourceTitle "playchess.com"]
[Source "ChessBase"]
[SourceQuality "1"]
[TimeControl "40/5400+30:1800+30"]

1. d4 Nf6 2. c4 g6 3. Nc3 d5 4. Bf4 Bg7 5. e3 O-O 6. cxd5 Nxd5 7. Nxd5 Qxd5 8. Bxc7 Na6 9. Bxa6 Qxg2 10. Qf3 Qxf3 11. Nxf3 bxa6 12. Rc1 f6 13. Rg1 Bd7 14. Nd2 Rac8 15. f3 e5 16. d5 f5 17. b3 e4 18. f4 Bb2 19. Rc2 Ba3 20. Kf2 Bb5 21. Nc4 Rxc7 22. Nxa3 Rxc2+ 23. Nxc2 Kf7 24. Rd1 Rc8 25. Rd2 Ke7 26. Nd4 Rc1 27. Rc2 Rxc2+ 28. Nxc2 Kd6 29. Ke1 Kxd5 30. Kd2 a5 31. Kc3 h6 32. h4 Be8 33. Nd4 Bd7 34. Nc2 Bc6 35. Na3 Be8 36. Nc4 a4 37. b4 Bb5 38. Na5 Ba6 39. a3 Bb5 40. Nb7 Bc6 41. Na5 Be8 42. Nb7 Bb5 43. Na5 Ba6 44. Kd2 Bf1 45. Ke1 Bb5 46. Kf2 Ke6 47. Kg3 Kf6 48. Kf2 Bd7 49. Kg3 Be6 50. Nc6 a6 51. Nd4 Bc4 52. Kf2 Ke7 53. Nc6+ Kf6 54. Nd4 Bb5 55. Ke1 Ke7 56. Kd2 Kd6 57. Kc2 Kd5 58. Kc3 Bd3 59. h5 gxh5 60. Nxf5 Be2 61. Nh4 Bf3 62. Ng6 Bg4 63. Nh4 Be6 64. Ng6 Bh3 65. Nh4 Bg4 66. Ng6 Bh3 67. Nh4 Bg4 1/2-1/2